 Dungeon Crawl Stone Soup version 0.30-a0-800-g7c544603b3 (webtiles) character file.

Game seed: 982084138796497741

52 Hubris850 the Digger (level 3, -2/28 HPs)
             Began as a Draconian Earth Elementalist on Feb 22, 2023.
             Slain by Ijyb
             ... wielding a +0 dagger
              (4 damage)
             ... on level 3 of the Dungeon.
             The game lasted 00:06:00 (2287 turns).

Hubris850 the Digger (Draconian Earth Elementalist) Turns: 2287, Time: 00:06:01

Health: -2/28      AC:  5    Str: 10    XL:     3   Next: 60%
Magic:  4/6        EV: 11    Int: 17    God:
Gold:   98         SH:  3    Dex: 11    Spells: 3/6 levels left

rFire   . . .      SeeInvis .    g - +0 dagger
rCold   . . .      Faith    .    c - +0 buckler
rNeg    . . .      Spirit   .    (body armour unavailable)
rPois   .          Reflect  .    (helmet restricted)
rElec   .          Harm     .    (no cloak)
rCorr   .          Rampage  .    (no gloves)
Will    .....                    (no boots)
Stlth   ++                       (no amulet)
HPRegen 0.24/turn                (no ring)
MPRegen 0.10/turn                (no ring)

@: no status effects
A: AC +5, unfitting armour, cold-blooded
a: no special abilities


You were on level 3 of the Dungeon.
You visited 1 branch of the dungeon, and saw 3 of its levels.

You collected 98 gold pieces.

Inventory:

Hand Weapons
 e - a +0 mace
 g - a +0 dagger (weapon)
Missiles
 b - 6 boomerangs
 d - 7 poisoned darts
Armour
 c - a +0 buckler (worn)
Scrolls
 j - 5 scrolls of identify {unknown}
 n - a scroll of brand weapon {unknown}
 p - a scroll of teleportation {unknown}
Potions
 a - a potion of magic
 f - a potion of mutation {unknown}
 h - a potion of resistance {unknown}
 i - a potion of flight {unknown}
 k - a potion of lignification {unknown}
 l - 2 potions of might {unknown}
 m - a potion of heal wounds {unknown}


   Skills:
 + Level 1.5 Fighting
 + Level 2.3 Dodging
 + Level 2.4 Stealth
 + Level 1.4 Shields
 - Level 2.0 Spellcasting
 - Level 1.0 Transmutations
 - Level 3.0 Earth Magic


You had 3 spell levels left.
You knew the following spells:

 Your Spells              Type           Power      Damage    Failure   Level
a - Sandblast             Erth           22%        2d7       8%          1
b - Passwall              Tmut/Erth      6%         N/A       17%         2

Your spell library contained the following spells:

 Spells                   Type           Power      Damage    Failure   Level
 Stone Arrow              Conj/Erth      12%        3d7       38%         3
 Ozocubu's Armour         Ice            1%         N/A       58%         3
 Petrify                  Tmut/Erth      8%         N/A       73%         4
 Metabolic Englaciation   Hex/Ice        0%         N/A       100%        5
 Simulacrum               Ice/Necr       0%         N/A       100%        6


Dungeon Overview and Level Annotations

Branches:
Dungeon (3/15)

Altars:

Annotations:
D:2 Sigmund
D:3 Ijyb


Innate Abilities, Weirdness & Mutations

Your plain brown scales are hard. (AC +5)
You cannot fit into any form of body armour.
You are cold-blooded and may be slowed by cold attacks.


Message History

You throw a javelin.
The javelin pierces through Ijyb but does no damage.
Ijyb is severely wounded.
Ijyb hits you but does no damage. Ijyb hits you with a +0 dagger.
* * * LOW HITPOINT WARNING * * *
Throw: 8 darts (poison)
Press: ? - help, Shift-Dir - straight line, f/p - Ijyb
Aim: Ijyb, wielding a +0 dagger, wearing a +0 scale mail and carrying a wand of iceblast (9) (severely wounded, 50% to hit)
You throw a poisoned dart. The poisoned dart hits Ijyb.
Ijyb is poisoned.
Ijyb is severely wounded.
Ijyb hits you but does no damage.
Casting: Sandblast (safe; 8% risk of failure)
Confirm with . or Enter, or press ? or * to list all spells.
Aiming: Sandblast (safe; 8% risk of failure)
Press: ? - help, Shift-Dir - straight line, f/p - Ijyb
Aim: Ijyb, wielding a +0 dagger, wearing a +0 scale mail and carrying a wand of iceblast (9) (severely wounded, poisoned, 80% to hit)
The blast of sand hits Ijyb but does no damage.
Ijyb is severely wounded.
Ijyb hits you with a +0 dagger.
* * * LOW HITPOINT WARNING * * *
Magic courses through your body. You block Ijyb's attack.
Casting: Sandblast (safe; 8% risk of failure)
Confirm with . or Enter, or press ? or * to list all spells.
Aiming: Sandblast (safe; 8% risk of failure)
Press: ? - help, Shift-Dir - straight line, f/p - Ijyb
Aim: Ijyb, wielding a +0 dagger, wearing a +0 scale mail and carrying a wand of iceblast (9) (heavily wounded, poisoned, 80% to hit)
The blast of sand hits Ijyb but does no damage.
Ijyb is heavily wounded.
Ijyb looks more healthy.
Ijyb hits you with a +0 dagger.
* * * LOW HITPOINT WARNING * * *
Ijyb barely misses you.
Casting: Sandblast (safe; 8% risk of failure)
Confirm with . or Enter, or press ? or * to list all spells.
Aiming: Sandblast (safe; 8% risk of failure)
Press: ? - help, Shift-Dir - straight line, f/p - Ijyb
Aim: Ijyb, wielding a +0 dagger, wearing a +0 scale mail and carrying a wand of iceblast (9) (heavily wounded, 80% to hit)
The blast of sand hits Ijyb but does no damage.
Ijyb is heavily wounded.
Ijyb hits you with a +0 dagger.
You die...

#..# #..#
..# ..#
##.# #..#
#.<# ##.##
#.##.....#
#.@g....(#
#......#.#
#..#..?..#
#..#.....#
#..# ....#
#### ....#
...# +#.#


You could see Ijyb.

Vanquished Creatures
  An adder (D:2)
  2 dart slugs
  3 ball pythons
  5 endoplasms
  2 giant cockroaches (D:1)
  5 goblins
  2 hobgoblins
  4 kobolds
  3 quokkas
  5 frilled lizards
  5 rats
37 creatures vanquished.

Vanquished Creatures (others)
  2 plants (D:2)
2 creatures vanquished.

Grand Total: 39 creatures vanquished

Notes
Turn   | Place    | Note
-------+----------+-------------------------------------------
     0 | D:1      | Hubris850 the Draconian Earth Elementalist began the quest
                  | for the Orb.
     0 | D:1      | Reached XP level 1. HP: 14/14 MP: 3/3
   266 | D:1      | Reached XP level 2. HP: 22/22 MP: 3/5
   326 | D:1      | Learned a level 2 spell: Passwall
   512 | D:1      | Reached skill level 1 in Fighting
   769 | D:1      | Reached skill level 1 in Shields
  1435 | D:2      | Reached XP level 3. HP: 28/28 MP: 4/6
  1854 | D:2      | Noticed Sigmund
  2254 | D:3      | Noticed Ijyb
  2286 | D:3      | HP: 1/28 [Ijyb/+0 dagger (3)]
  2287 | D:3      | Slain by Ijyb

Illustrated notes

Levels and vault maps discovered:
D:1:      wheals_arrival_linesprint, layout_basic, roderic_lattice_a
D:2:      layout_rooms, serial_bayou, serial_bayou_pond_e, serial_bayou_pond_d,
          serial_bayou_shore_b, serial_bayou_ford_a, minmay_tiny_reverse_x,
          uniq_sigmund
D:3:      layout_basic, kennysheep_nub, uniq_ijyb

Skill      XL: |  1  2 |
---------------+-------+-----
Dodging        | 2 |  2.3
Stealth        | 2 |  2.4
Fighting       | 1 |  1.5
Shields        | 1 |  1.4
Spellcasting   | |  2.0
Transmutations | |  1.0
Earth Magic    | |  3.0

Action                     || total
---------------------------++-------
  Melee: Mace              ||     6
         Dagger            ||    22
         Tailslap          ||     3
  Throw: Javelin           ||     6
         Dart              ||     1
   Cast: Sandblast         ||    60
         Passwall          ||     4
    Use: Potion            ||     1
   Stab: Sleeping          ||     1
 Armour: Skin              ||    13
  Dodge: Dodged            ||    20
  Block: Buckler           ||    10

Table legend: (Time is in decaauts)
 A = Elapsed time spent in this place.
 B = Non-inter-level travel time spent in this place.
 C = Inter-level travel time spent in this place.
 D = Time resting spent in this place.
 E = Time spent auto-exploring this place.
 F = Levels seen in this place.
 G = Mean time per level.
                   A        B        C        D        E       F      G
               +--------+--------+--------+--------+--------+-----+--------+
         Total |   2331 |   2202 |    129 |     66 |   1711 |   3 |  777.0 |
       Dungeon |   2331 |   2202 |    129 |     66 |   1711 |   3 |  777.0 |
               +--------+--------+--------+--------+--------+-----+--------+

Top non-repeatable levels by time:
     D:1: 1432 daAuts
     D:2: 818 daAuts
     D:3: 80 daAuts
